[Event "Team 45 45 League T60"]
[Site "Internet Chess Club"]
[Date "2014.03.09"]
[Round "2"]
[White "Hal2001"]
[Black "sdcohle"]
[Result "1-0"]
[WhiteElo "1531"]
[BlackElo "1429"]
[Opening "King's pawn opening"]
[ECO "B07"]
[Time "15:00:43"]
[TimeControl "2700+45"]

1. e4 d6 2. d4 c6 3. f4 Qc7 4. Nf3 Bg4 5. h3 Bxf3 6. Qxf3 e5 7. fxe5 dxe5 8. Bc4
exd4 9. O-O Nf6 10. Bg5 Nbd7 11. Nd2 Be7 12. Rae1 Ne5 13. Qf4 O-O-O 14. Qf5+ Kb8
15. Bf4 Bd6 16. Bb3 Rde8 17. Bg5 Be7 18. Nf3 Nxf3+ 19. Rxf3 g6 20. Qf4 Qxf4 21.
Bxf4+ Ka8 22. Be5 d3 23. Bxf6 Bxf6 24. Rxf6 d2 25. Rd1 Rxe4 26. Rxd2 Rg8 27.
Rxf7 Re7 28. Rxe7 a6 29. Bxg8 h5 30. Rdd7 g5 31. Rxb7 g4 32. Be6 gxh3 33. Ra7+
Kb8 34. Reb7# {Black checkmated} 1-0

[Event "Team 45 45 League T60"]
[Site "Internet Chess Club"]
[Date "2014.03.09"]
[Round "2"]
[White "room-matt"]
[Black "ausya"]
[Result "1/2-1/2"]
[WhiteElo "1836"]
[BlackElo "1818"]
[Opening "Queen's pawn game"]
[ECO "A45"]
[Time "15:02:10"]
[TimeControl "2700+45"]

1. d4 Nf6 2. Nc3 g6 3. Bg5 d5 4. Nf3 Bg7 5. e3 a6 6. Bd3 Nc6 7. a3 O-O 8. O-O
Re8 9. h3 e5 10. dxe5 Nxe5 11. Bf4 Nxf3+ 12. Qxf3 b6 13. Rad1 Bb7 14. Rfe1 Qc8
15. Ne2 c5 16. c3 d4 17. Qg3 c4 18. Bb1 d3 19. Nd4 Qd7 20. Qh2 Nd5 21. Ba2 b5
22. a4 Rac8 23. axb5 axb5 24. Bg3 b4 25. cxb4 Nxb4 26. Bb1 Bxd4 27. exd4 Qxd4
28. Be5 Qb6 29. Qf4 Nd5 30. Qh4 Rxe5 31. Rxe5 Qxb2 32. Qe4 Nc3 33. Re8+ Rxe8 34.
Qxe8+ Kg7 35. Qe5+ f6 36. Qc7+ Kf8 37. Qd8+ Kf7 38. Qd7+ Kg8 39. Qd8+ Kg7 40.
Qc7+ Kf8 41. Qd8+ Kf7 42. Qd7+ Kg8 43. Qd8+ Kf7 44. Qd7+ Kg8 45. Qd8+ Kg7 46.
Qc7+ {Game drawn by repetition} 1/2-1/2

[Event "Team 45 45 League T60"]
[Site "Internet Chess Club"]
[Date "2014.03.07"]
[Round "2"]
[White "vjbaker"]
[Black "jps7"]
[Result "0-1"]
[WhiteElo "1773"]
[BlackElo "1708"]
[Opening "French: Tarrasch, closed variation"]
[ECO "C05"]
[Time "20:00:54"]
[TimeControl "2700+45"]

1. e4 e6 2. d4 d5 3. Nd2 Nf6 4. e5 Nfd7 5. f4 c5 6. c3 Nc6 7. Ngf3 Qb6 8. Nb3
cxd4 9. cxd4 Bb4+ 10. Bd2 Bxd2+ 11. Qxd2 O-O 12. Bd3 Qb4 13. O-O Qxd2 14. Nfxd2
Nb4 15. Be2 Nb6 16. a3 Nc2 17. Rac1 Ne3 18. Rf3 Nf5 19. g4 Nh4 20. Rh3 Ng6 21.
Rf1 f5 22. gxf5 Rxf5 23. Bg4 Rxf4 24. Rxf4 Nxf4 25. Rf3 g5 26. h4 h6 27. hxg5
hxg5 28. Rg3 Kg7 29. Bd1 Kh6 30. Nf3 Bd7 31. Rxg5 Nh3+ 32. Kg2 Nxg5 33. Nc5 Rg8
34. Nxb7 Nxf3+ 35. Kxf3 Nc4 36. b4 Nxa3 37. Nd6 Rf8+ 38. Ke2 Nc4 39. Nxc4 dxc4
40. Kd2 Bc6 41. Kc3 Bd5 42. Kb2 Rf2+ 43. Kc3 Kg5 44. b5 Kf4 45. b6 axb6 46. Bh5
Ke3 47. Bg6 Rd2 48. Bb1 Rxd4 49. Bg6 Be4 50. Bh5 Bd3 51. Bd1 Re4 52. Ba4 Rxe5
53. Bc6 Rc5 54. Ba4 e5 55. Bd1 Ra5 56. Bg4 Ra1 57. Be6 Rc1+ 58. Kb2 Kd2 59. Ka3
Kc3 60. Ka2 Bb1+ 61. Ka1 Bf5+ 62. Ka2 Bxe6 63. Ka3 Ra1# {White checkmated} 0-1

[Event "Team 45 45 League T60"]
[Site "Internet Chess Club"]
[Date "2014.03.09"]
[Round "2"]
[White "julesraider"]
[Black "JasonModer"]
[Result "0-1"]
[WhiteElo "1569"]
[BlackElo "1743"]
[Opening "QGD: exchange, positional line"]
[ECO "D35"]
[Time "11:00:38"]
[TimeControl "2700+45"]

1. d4 d5 2. c4 e6 3. Nc3 Nf6 4. cxd5 exd5 5. Bg5 Bb4 6. Qc2 Nc6 7. e3 O-O 8. Bd3
h6 9. Bh4 Re8 10. Ne2 Be6 11. O-O a6 12. a3 Bd6 13. b4 Bxh2+ 14. Kh1 Bd6 15.
Rac1 Rc8 16. e4 dxe4 17. Bxe4 g5 18. Bg3 Nxe4 19. Bxd6 Nxd6 20. d5 Bf5 21. Qd2
Ne5 22. Nd4 Bg6 23. f4 Nd3 24. f5 Nxc1 25. fxg6 f6 26. Ne6 Qe7 27. Qd1 c6 28.
Qh5 cxd5 29. Qxh6 Rxc3 30. Rxf6 Rc7 31. Rf7 Qxf7 32. gxf7+ Rxf7 33. Qxg5+ Kh8
34. Qe5+ Kg8 35. Qxd6 Ne2 36. g4 Rf6 37. Qxd5 Rfxe6 38. Qxb7 Nf4 39. Kh2 Re3 40.
Qxa6 Rh3+ 41. Kg1 Re1+ 42. Kf2 Re2+ 43. Qxe2 Nxe2 44. Kxe2 Rxa3 45. b5 Rb3 46.
b6 Rxb6 47. g5 Rg6 48. Kf3 Rxg5 {White resigns} 0-1

[Event "Team 45 45 League T60"]
[Site "Internet Chess Club"]
[Date "2014.03.08"]
[Round "2"]
[White "Joeohio"]
[Black "rayngrant"]
[Result "0-1"]
[WhiteElo "1633"]
[BlackElo "1574"]
[Opening "French: Tarrasch, open variation"]
[ECO "C07"]
[Time "13:01:22"]
[TimeControl "2700+45"]

1. e4 e6 2. d4 d5 3. Nd2 c5 4. c3 Qb6 5. Ngf3 Nc6 6. Bd3 cxd4 7. cxd4 Nxd4 8.
Nxd4 Qxd4 9. Nf3 Qb6 10. exd5 Nf6 11. dxe6 Bxe6 12. O-O Bc5 13. h3 O-O 14. Ng5
h6 15. Nxe6 fxe6 16. Qe2 Rae8 17. Bf4 Nd5 18. Bg3 Nf4 19. Bxf4 Rxf4 20. Rac1
Ref8 21. Rxc5 Qxc5 22. Qxe6+ Kh8 23. Qe2 b6 24. Bg6 Qg5 25. Qh5 Qf6 26. Bb1 Rxf2
27. Rxf2 Qxf2+ 28. Kh2 Qf4+ 29. g3 Qf2+ 30. Kh1 {White resigns} 0-1

[Event "Team 45 45 League T60"]
[Site "Internet Chess Club"]
[Date "2014.03.11"]
[Round "2"]
[White "Bryant-L"]
[Black "clarinetref"]
[Result "1-0"]
[WhiteElo "1626"]
[BlackElo "1612"]
[Opening "Sicilian: Najdorf, Byrne (English) attack"]
[ECO "B90"]
[Time "18:35:55"]
[TimeControl "2700+45"]

1. e4 c5 2. Nf3 d6 3. d4 cxd4 4. Nxd4 Nf6 5. Nc3 a6 6. Be3 e5 7. Nb3 Be6 8. Be2
Be7 9. O-O O-O 10. f4 b5 11. f5 Bxb3 12. axb3 b4 13. Nd5 Nbd7 14. Nxb4 Nxe4 15.
Bf3 Ndc5 16. Bxc5 d5 17. Bxe7 Qxe7 18. Nxd5 Qc5+ 19. Kh1 Nf2+ 20. Rxf2 Qxf2 21.
Ne7+ Kh8 22. Bxa8 Rxa8 23. Rxa6 Re8 24. Qa1 Qc5 25. Nc6 Rc8 26. Qd1 h6 27. Qd7
Rf8 28. Qe7 Qxe7 29. Nxe7 Rd8 30. h3 Rd7 31. Nc6 e4 32. Ra8+ Kh7 33. Re8 Rd1+
34. Kh2 Re1 35. b4 Re2 36. b5 Rxc2 37. Rxe4 Rxb2 38. Rb4 Rc2 39. b6 Rxc6 40. b7
{Black resigns} 1-0

[Event "Team 45 45 League T60"]
[Site "Internet Chess Club"]
[Date "2014.03.11"]
[Round "2"]
[White "QuimCatala"]
[Black "PostMike"]
[Result "0-1"]
[WhiteElo "1328"]
[BlackElo "1436"]
[Opening "Sicilian: Najdorf"]
[ECO "B90"]
[Time "12:00:37"]
[TimeControl "2700+45"]

1. e4 c5 2. Nf3 d6 3. d4 cxd4 4. Nxd4 Nf6 5. Nc3 a6 6. f3 Qb6 7. Nb3 Nc6 8. Qe2
e6 9. Be3 Qd8 10. O-O-O Bd7 11. Qd2 Be7 12. Kb1 O-O 13. g4 Ne5 14. Nd4 b5 15. a3
Rc8 16. h4 Nc4 17. Bxc4 Rxc4 18. h5 Kh8 19. g5 Ng8 20. g6 h6 21. gxf7 Rxf7 22.
Rdg1 b4 23. axb4 Rxb4 24. f4 Qb8 25. Nb3 Bd8 26. Bd4 e5 27. fxe5 dxe5 28. Be3
Be6 29. Rg6 Bxb3 30. Bxh6 gxh6 31. Rxh6+ Rh7 32. Rxh7+ Kxh7 33. Qd7+ Kh8 34. h6
Bxc2+ 35. Kxc2 Rxb2+ 36. Kd3 Rb7 37. Qd5 Nf6 38. Qe6 Rd7+ 39. Kc2 Qd6 40. Qb3
Qd2+ 41. Kb1 Qd3+ 42. Kb2 Qd2+ 43. Kb1 Ba5 44. Rd1 Qxc3 45. Qb8+ Kh7 46. Rxd7+
Nxd7 47. Qb7 Qb4+ 48. Qxb4 Bxb4 49. Ka2 Nc5 50. Kb2 Kxh6 51. Kc2 Kg5 52. Kb2 Kf4
53. Kc2 Kxe4 54. Kb2 Kd4 55. Kc2 e4 56. Kb2 Kd3 57. Kc1 e3 58. Kb2 e2 59. Ka2
e1=Q 60. Kb2 Qd1 61. Ka2 Nb3 62. Kb2 Qc2# {White checkmated} 0-1

[Event "Team 45 45 League T60"]
[Site "Internet Chess Club"]
[Date "2014.03.06"]
[Round "2"]
[White "Aquaman"]
[Black "Tribe97"]
[Result "0-1"]
[WhiteElo "1353"]
[BlackElo "1382"]
[Opening "Réti: King's Indian attack (Barcza system)"]
[ECO "A07"]
[Time "20:00:53"]
[TimeControl "2700+45"]

1. Nf3 d5 2. g3 c6 3. Bg2 Bg4 4. O-O Nd7 5. d3 e5 6. Nbd2 Bd6 7. c4 Ngf6 8. cxd5
cxd5 9. b3 O-O 10. h3 Be6 11. Ng5 Re8 12. Nxe6 Rxe6 13. Re1 Rc8 14. Bb2 Qa5 15.
a4 Bb4 16. Bc1 Rec6 17. Rf1 Rc2 18. Nf3 R8c6 19. Ne1 Bxe1 20. Rxe1 Qb4 21. Rb1
Nb6 22. e4 d4 23. f4 Nh5 24. Kh2 exf4 25. Qxh5 Qxe1 26. Qf3 Rxc1 27. Rxc1 Rxc1
28. h4 Rc2 29. gxf4 Qxh4+ 30. Kg1 Rc1+ 31. Bf1 Qh6 32. f5 Qg5+ 33. Kf2 Rc2+ 34.
Be2 Qe3+ 35. Qxe3 dxe3+ 36. Kxe3 f6 37. d4 Rc3+ 38. Kd2 Rxb3 39. Bd1 Rb4 40. Kc3
Rc4+ 41. Kd3 Kf8 42. Bb3 Rc7 43. d5 Ke7 44. Kd4 Kd6 45. a5 Nd7 46. Ba2 Ne5 47.
Ke3 Rc3+ 48. Kd2 Ra3 49. Bb1 Rxa5 {White resigns} 0-1

[Event "Team 45 45 League T60"]
[Site "Internet Chess Club"]
[Date "2014.03.09"]
[Round "2"]
[White "uzi"]
[Black "moodle"]
[Result "1/2-1/2"]
[WhiteElo "1339"]
[BlackElo "1447"]
[Opening "Scotch gambit: Benima defense"]
[ECO "C50"]
[Time "16:00:57"]
[TimeControl "2700+45"]

1. e4 e5 2. Nf3 Nc6 3. Bc4 Be7 4. d4 exd4 5. Nxd4 d6 6. O-O Nxd4 7. Qxd4 Nf6 8.
Nc3 O-O 9. Bg5 h6 10. Bh4 Re8 11. Rad1 a5 12. Rfe1 Ng4 13. Bxe7 Qxe7 14. f3 Ne5
15. Nd5 Qd8 16. Be2 Be6 17. Nf4 Qf6 18. Nxe6 Qxe6 19. f4 Nc6 20. Qc3 Qxe4 21.
Bf3 Qb4 22. Qxb4 axb4 23. Bxc6 bxc6 24. Rxe8+ Rxe8 25. Kf2 c5 26. Rd3 Ra8 27. a3
c4 28. Re3 c3 29. axb4 cxb2 30. Rb3 Ra2 31. Ke2 b1=Q 32. Rxb1 Rxc2+ 33. Kf3 Kf8
34. h4 Rc6 35. b5 Rb6 36. Ke4 c6 37. g4 Rxb5 38. Rc1 Rb4+ 39. Ke3 c5 40. Rd1 Ke7
41. g5 hxg5 42. hxg5 Rb6 43. Ke4 Rc6 44. Kd5 Rc7 45. f5 c4 46. f6+ gxf6 47.
gxf6+ Kxf6 48. Kxd6 Rc8 49. Kd7 Rb8 50. Rc1 Rb4 51. Kd6 Rb6+ 52. Kc5 Rb8 53.
Rf1+ Kg7 54. Kxc4 Re8 55. Kd5 Kg6 56. Rg1+ Kh5 57. Rh1+ Kg4 58. Rg1+ Kf3 59.
Rf1+ {Game drawn by mutual agreement} 1/2-1/2

[Event "Team 45 45 League T60"]
[Site "Internet Chess Club"]
[Date "2014.03.06"]
[Round "2"]
[White "Bizzy-Ketty"]
[Black "Tjet"]
[Result "1-0"]
[WhiteElo "1489"]
[BlackElo "1540"]
[Opening "Philidor: exchange variation"]
[ECO "B07"]
[Time "17:00:45"]
[TimeControl "2700+45"]

1. e4 d6 2. d4 e5 3. Nf3 exd4 4. Nxd4 Nf6 5. Nc3 Be7 6. Bc4 a6 7. O-O O-O 8. Nf5
b5 9. Bd5 c6 10. Bb3 Bb7 11. f3 Nbd7 12. Nxd6 Nc5 13. e5 Bxd6 14. exd6 Nxb3 15.
axb3 Re8 16. Bg5 Re6 17. Ne4 Qb6+ 18. Kh1 Nxe4 19. fxe4 Rxe4 20. Qf3 Ree8 21.
Qxf7+ Kh8 22. Rae1 Rg8 23. d7 c5 24. d8=Q Bxg2+ 25. Kxg2 Raxd8 26. Bxd8 Qxd8 27.
Re5 h6 28. Rfe1 Qa8+ 29. Kg1 Kh7 30. Qf5+ Kh8 31. Qg6 c4 32. Re8 Qa7+ 33. Kf1
{Black resigns} 1-0

[Event "Team 45 45 League T60"]
[Site "Internet Chess Club"]
[Date "2014.03.09"]
[Round "2"]
[White "KingOfClubs"]
[Black "kls1"]
[Result "1-0"]
[WhiteElo "1456"]
[BlackElo "1244"]
[Opening "Sicilian: Labourdonnais-Löwenthal variation"]
[ECO "B32"]
[Time "10:03:09"]
[TimeControl "2700+45"]

1. e4 c5 2. Nf3 Nc6 3. d4 cxd4 4. Nxd4 e5 5. Nb3 Nf6 6. Nc3 Bb4 7. Bd3 d5 8. O-O
dxe4 9. Nxe4 Nxe4 10. Bxe4 O-O 11. Qxd8 Rxd8 12. c3 Bc5 13. Nxc5 Ne7 14. Nxb7
Bxb7 15. Bxb7 Rab8 16. Bf3 f5 17. Bg5 Rd7 18. Bxe7 Rxe7 19. Bd5+ Kf8 20. b3 Rd8
21. c4 e4 22. Rfe1 g6 23. Re3 Kg7 24. f3 Re5 25. fxe4 fxe4 26. Rxe4 Rf5 27. Re7+
Kh6 28. Rxa7 Rdf8 29. a4 Kg5 30. a5 Kf6 31. Rxh7 Ke5 32. Re7+ Kd4 33. b4 Kc3 34.
b5 Kb2 35. Rae1 Rf2 36. R7e2+ Rxe2 37. Rxe2+ Kc3 38. a6 Kd3 39. Rf2 Re8 40. Kf1
Kc3 41. a7 Kd3 42. a8=Q Rxa8 43. Bxa8 Kxc4 44. b6 Kb5 45. b7 Ka6 46. b8=Q g5 47.
Ra2# {Black checkmated} 1-0

[Event "Team 45 45 League T60"]
[Site "Internet Chess Club"]
[Date "2014.03.08"]
[Round "2"]
[White "princevultan2"]
[Black "arconia"]
[Result "1-0"]
[WhiteElo "1122"]
[BlackElo "1285"]
[Opening "Sicilian: Smith-Morra gambit"]
[ECO "B21"]
[Time "10:01:02"]
[TimeControl "2700+45"]

1. e4 c5 2. d4 cxd4 3. Qxd4 Nc6 4. Qd1 e5 5. Nf3 Nf6 6. Nc3 a6 7. Bc4 b5 8. Bb3
Bb7 9. Ng5 d5 10. exd5 Nd4 11. O-O h6 12. Nf3 Bd6 13. Nxd4 exd4 14. Qxd4 O-O 15.
Re1 Qc7 16. g3 h5 17. Bf4 Rad8 18. Rad1 Bc8 19. a3 Bg4 20. Rd3 h4 21. f3 Bf5 22.
Rde3 hxg3 23. hxg3 Nh7 24. g4 Bg6 25. Be5 f6 26. Bxd6 Qxd6 27. f4 f5 28. Re6 Qd7
29. Rxg6 Rf6 30. Rxf6 Nxf6 31. d6+ Kf8 32. g5 Ne8 33. Qd5 Qa7+ 34. Kf1 Nf6
{Black resigns} 1-0

[Event "Team 45 45 League T60"]
[Site "Internet Chess Club"]
[Date "2014.03.08"]
[Round "2"]
[White "bobhill"]
[Black "Grebochess"]
[Result "1-0"]
[WhiteElo "1938"]
[BlackElo "1619"]
[Opening "Queen's bishop game"]
[ECO "D02"]
[Time "13:01:00"]
[TimeControl "2700+45"]

1. d4 Nf6 2. Nf3 d5 3. Bf4 Bf5 4. e3 c5 5. c3 Qb6 6. Qb3 c4 7. Qxb6 axb6 8. Na3
Bd7 9. Ne5 Nh5 10. Nxd7 Kxd7 11. Bxb8 Rxb8 12. Be2 Nf6 13. g4 e6 14. g5 Ne4 15.
f3 Nxc3 16. Nxc4 Nxe2 17. Ne5+ Ke8 18. Kxe2 Bd6 19. Rac1 f6 20. gxf6 gxf6 21.
Ng4 Ke7 22. Rc3 h5 23. Nf2 Rhg8 24. Rb3 Bc7 25. f4 Rg2 26. Rc1 Rxh2 27. Rxc7+
Kd6 28. Rf7 f5 29. Rxb6# {Black checkmated} 1-0

[Event "Team 45 45 League T60"]
[Site "Internet Chess Club"]
[Date "2014.03.09"]
[Round "2"]
[White "Frankly"]
[Black "Beetlejuice"]
[Result "0-1"]
[WhiteElo "1773"]
[BlackElo "1814"]
[Opening "Dutch"]
[ECO "A80"]
[Time "11:04:02"]
[TimeControl "2700+45"]

1. d4 f5 2. Nc3 Nf6 3. Bg5 d5 4. Bxf6 exf6 5. e3 Be6 6. Bd3 Nc6 7. Nge2 Nb4 8.
Nf4 Nxd3+ 9. Qxd3 Bd7 10. Ncxd5 c6 11. Nc3 Bd6 12. O-O-O Qe7 13. Rhe1 O-O-O 14.
g3 Qf7 15. d5 g6 16. Qc4 Kb8 17. Qb3 c5 18. Nb5 Bxb5 19. Qxb5 b6 20. Ne6 Rd7 21.
Rd3 Rc8 22. a4 Be5 23. Rb3 Rxd5 24. Nf4 Rd7 25. Nd3 Bd6 26. a5 c4 27. Rc3 cxd3
28. Rxc8+ Kxc8 29. axb6 d2+ 30. Kxd2 Bc5+ 31. Ke2 Bxb6 32. Qc6+ Kb8 33. c4 Rc7
34. Qd6 Qxc4+ 35. Kf3 Qc6+ 36. Qxc6 Rxc6 37. Rd1 Kc7 38. h4 Rc2 39. Rb1 Kc6 40.
b3 Bc5 41. b4 Bd6 42. b5+ Kc5 43. Kg2 Rd2 44. Kf3 Rd5 45. Ra1 Kb6 46. Ra6+ Kb7
47. Rc6 a5 48. Ra6 Bb4 49. Rxf6 Rxb5 50. Rf7+ Ka6 51. Rxh7 a4 52. Rh6 Rb6 53. h5
gxh5 54. Rxh5 a3 55. Rh8 Rb7 56. Rh1 Bc3 57. Rh4 Ka5 58. Rh1 a2 59. Kf4 Rb1
{White resigns} 0-1

[Event "Team 45 45 League T60"]
[Site "Internet Chess Club"]
[Date "2014.03.10"]
[Round "2"]
[White "misuc56"]
[Black "ghostfire"]
[Result "1-0"]
[WhiteElo "1835"]
[BlackElo "1681"]
[Opening "QGD Slav defense"]
[ECO "D10"]
[Time "21:00:26"]
[TimeControl "2700+45"]

1. d4 d5 2. c4 c6 3. e3 Nf6 4. Nc3 dxc4 5. Bxc4 e6 6. h3 Be7 7. Nf3 O-O 8. O-O
Nbd7 9. a3 Nb6 10. Be2 Nbd5 11. Bd2 Nxc3 12. Bxc3 Ne4 13. Rc1 Nxc3 14. Rxc3 Re8
15. Bd3 Bf6 16. Qc2 g6 17. Rd1 Qc7 18. b4 a6 19. e4 Bd7 20. e5 Bg7 21. h4 h5 22.
Bxg6 fxg6 23. Qxg6 Kf8 24. Ng5 Re7 25. Rf3+ Bf6 26. Rxf6+ {Black resigns} 1-0

[Event "Team 45 45 League T60"]
[Site "Internet Chess Club"]
[Date "2014.03.09"]
[Round "2"]
[White "Otelo"]
[Black "AngryDad"]
[Result "1-0"]
[WhiteElo "1846"]
[BlackElo "1665"]
[Opening "Caro-Kann: classical variation"]
[ECO "B18"]
[Time "18:01:08"]
[TimeControl "2700+45"]

1. e4 c6 2. d4 d5 3. Nd2 dxe4 4. Nxe4 Bf5 5. Ng3 Bg6 6. Bc4 e6 7. N1e2 Bd6 8.
Nf4 Qc7 9. Qf3 Nf6 10. c3 Nbd7 11. Bxe6 fxe6 12. Nxe6 Qa5 13. Nxg7+ Kd8 14. O-O
Qd5 15. Qxd5 Nxd5 16. Bg5+ N5f6 17. N7f5 Bxg3 18. Nxg3 h6 19. Bh4 Kc7 20. Rfe1
Rae8 21. f3 Nd5 22. Ne4 Re6 23. Bg3+ Kb6 24. Kf2 Rf8 25. Nc5 Nxc5 26. dxc5+ Kxc5
27. Rxe6 Rg8 28. Rd1 Rg7 29. b4+ Kb5 30. Rd4 Nxc3 31. Rg4 Rd7 32. Rexg6 Rd2+ 33.
Ke3 {Black resigns} 1-0

[Event "Team 45 45 League T60"]
[Site "Internet Chess Club"]
[Date "2014.03.08"]
[Round "2"]
[White "badmove"]
[Black "justice02"]
[Result "0-1"]
[WhiteElo "1544"]
[BlackElo "1808"]
[Opening "King's Indian: Makagonov system (5.h3)"]
[ECO "E71"]
[Time "17:23:59"]
[TimeControl "2700+45"]

1. d4 Nf6 2. c4 g6 3. Nc3 Bg7 4. e4 d6 5. h3 Nbd7 6. Nf3 O-O 7. Bg5 h6 8. Be3 b6
9. Qd2 Kh7 10. Qc2 e5 11. d5 Nc5 12. b4 Ncd7 13. g4 Rh8 14. g5 hxg5 15. Bxg5 Kg8
16. Nd2 Bh6 17. Nf3 Bxg5 18. Nxg5 Nh5 19. Qd2 Nf4 20. h4 Nf6 21. Ne2 N6h5 22.
Nxf4 Nxf4 23. Qe3 Bg4 24. Qg3 Qd7 25. f3 f6 26. Nh3 Bxh3 27. Bxh3 Nxh3 28. Qxg6+
Qg7 29. Qxg7+ Kxg7 30. Rxh3 Rag8 31. Kf2 Kf7 32. Rg1 Rxg1 33. Kxg1 Rh5 34. Kf2
f5 35. Kg3 Kf6 36. Rh2 a6 37. Rb2 Rh8 38. Rb3 Rg8+ 39. Kh3 f4 40. a4 Rg3+ 41.
Kh2 Kg6 42. a5 Kh5 43. axb6 cxb6 44. Ra3 Kxh4 45. Rxa6 Rxf3 46. Rxb6 Rf2+ 47.
Kg1 Re2 48. Rxd6 Rxe4 49. Rc6 Kg3 50. Kf1 Kf3 51. b5 Rd4 52. Ke1 e4 53. b6 e3
54. Re6 Rxc4 55. Kd1 Rd4+ 56. Kc2 Rxd5 57. b7 Rb5 58. Re7 Kf2 59. Kd3 Rb2 60.
Kc3 Rxb7 61. Rxb7 e2 62. Rb2 Kf1 {White resigns} 0-1

[Event "Team 45 45 League T60"]
[Site "Internet Chess Club"]
[Date "2014.03.10"]
[Round "2"]
[White "MBAStudent"]
[Black "pokerram"]
[Result "1-0"]
[WhiteElo "1739"]
[BlackElo "1635"]
[Opening "Sicilian: Grand Prix attack"]
[ECO "B23"]
[Time "16:00:23"]
[TimeControl "2700+45"]

1. e4 c5 2. Nc3 Nc6 3. f4 g6 4. Nf3 Bg7 5. Bb5 Nd4 6. O-O Nxb5 7. Nxb5 d6 8. d3
a6 9. Nc3 e6 10. Ne2 Ne7 11. c3 Nc6 12. Qe1 O-O 13. Ng5 f6 14. Nf3 d5 15. Ng3 d4
16. f5 exf5 17. exf5 dxc3 18. Qxc3 b6 19. Kh1 Nd4 20. Nh4 g5 21. Nf3 Bb7 22.
Nxd4 cxd4 23. Qc2 Rc8 24. Qf2 Qd5 25. Ne4 Rc7 26. h4 h6 27. Bd2 Rc2 28. Rac1
Rfc8 29. Rxc2 Rxc2 30. Rc1 Rxc1+ 31. Bxc1 Qe5 32. Qf3 Bd5 33. b3 Bf7 34. Bb2 Bf8
35. Qf2 Bc5 36. b4 Bxb4 37. Bxd4 Qc7 38. Nxf6+ Kf8 39. Bxb6 Qc1+ 40. Qg1 Qf4 41.
Bc5+ Kg7 42. Qd4 Qc1+ 43. Kh2 Qxc5 44. Nh5+ Kf8 45. Qd8+ Be8 46. Qf6+ Bf7 47.
Qxh6+ Ke7 48. Qf6+ Kf8 49. Qd8+ Be8 50. Qf6+ Bf7 51. Qg7+ Ke7 52. Qxg5+ Kf8 53.
Qg7+ Ke8 54. Nf6+ Ke7 55. Ng8+ Ke8 56. Nh6 Qd6+ 57. Kh1 Bd5 58. f6 Bxg2+ 59.
Qxg2 Qxf6 60. Qa8+ Qd8 61. Qxd8+ Kxd8 62. Kg2 Bd2 63. Ng4 Ke7 64. Kf3 Ke6 65.
Ke4 Be1 66. h5 Bd2 67. d4 Bb4 68. d5+ Kd6 69. Ne3 Kc5 70. h6 Bc3 71. Ng4 Bh8 72.
Ne5 a5 73. Nf7 Bc3 74. h7 a4 75. h8=Q Bxh8 76. Nxh8 Kb4 77. Kd4 Ka3 78. Kc3 Kxa2
79. Kc2 Ka1 80. d6 a3 81. d7 a2 82. Kb3 Kb1 83. d8=Q a1=Q 84. Qd1# {Black
checkmated} 1-0

[Event "Team 45 45 League T60"]
[Site "Internet Chess Club"]
[Date "2014.03.08"]
[Round "2"]
[White "Schachteufel"]
[Black "fishhead"]
[Result "0-1"]
[WhiteElo "1649"]
[BlackElo "1847"]
[Opening "Sicilian: Najdorf, Byrne (English) attack"]
[ECO "B90"]
[Time "12:00:50"]
[TimeControl "2700+45"]

1. e4 c5 2. Nf3 d6 3. d4 cxd4 4. Nxd4 Nf6 5. Nc3 a6 6. Be3 e5 7. Nb3 Be7 8. f3
Be6 9. Qd2 Qc7 10. O-O-O Nbd7 11. g4 Nb6 12. Kb1 Rd8 13. g5 Nfd7 14. Nd5 Nxd5
15. exd5 Bf5 16. f4 Rc8 17. Bd3 Bxd3 18. Qxd3 Qc4 19. h4 b5 20. Na5 Qxd3 21.
Rxd3 e4 22. Ra3 f5 23. Nc6 Ra8 24. h5 Bd8 25. Bd4 Rg8 26. Be3 Bb6 27. Re1 Bxe3
28. Raxe3 Nb6 29. Rd1 Kd7 30. b3 Nxd5 31. Rxd5 Kxc6 32. Rxf5 d5 33. Re5 Rae8 34.
Rxe8 Rxe8 35. Re1 Rf8 36. Rf1 Rf5 37. b4 d4 38. Kb2 Kd5 39. Kb3 e3 40. a4 Ke4
41. a5 e2 42. Re1 Ke3 43. c3 d3 44. c4 d2 {White resigns} 0-1

[Event "Team 45 45 League T60"]
[Site "Internet Chess Club"]
[Date "2014.03.11"]
[Round "2"]
[White "chessjav"]
[Black "mugurelt"]
[Result "1/2-1/2"]
[WhiteElo "1918"]
[BlackElo "1731"]
[Opening "Queen's pawn game"]
[ECO "E10"]
[Time "15:39:47"]
[TimeControl "2700+45"]

1. d4 Nf6 2. c4 e6 3. Nf3 c5 4. g3 cxd4 5. Nxd4 Bb4+ 6. Bd2 Bxd2+ 7. Qxd2 Ne4 8.
Qc2 Qa5+ 9. Nd2 Nxd2 10. Qxd2 Qxd2+ 11. Kxd2 Nc6 12. Nc2 a5 13. Bg2 Rb8 14. a4
b6 15. Kc3 Bb7 16. e3 Ke7 17. b3 f5 18. Rhd1 Rhd8 19. Kb2 Nb4 20. Bxb7 Nxc2 21.
Kxc2 Rxb7 22. Rd4 g5 23. Rad1 Rc7 24. Kb2 d6 25. f4 gxf4 26. gxf4 Rcd7 27. R4d2
Rg8 28. Kc3 h5 29. Re2 d5 30. Red2 Rc7 31. Kb2 dxc4 32. Rc1 Rgc8 33. Rdc2 Kd6
34. Rxc4 Rxc4 35. Rxc4 Rxc4 36. bxc4 Kc5 37. Kc3 h4 38. h3 Kc6 39. Kd4 Kd6 40.
e4 fxe4 41. Kxe4 Ke7 42. Ke5 Kd7 43. Ke4 Ke7 44. Kd3 Kd7 45. Ke4 Ke7 {Game drawn
by repetition} 1/2-1/2

[Event "Team 45 45 League T60"]
[Site "Internet Chess Club"]
[Date "2014.03.09"]
[Round "2"]
[White "RD1974"]
[Black "timothysmall56"]
[Result "0-1"]
[WhiteElo "1642"]
[BlackElo "1762"]
[Opening "Caro-Kann: anti-anti-Caro-Kann defense"]
[ECO "B10"]
[Time "19:29:44"]
[TimeControl "2700+45"]

1. e4 c6 2. c4 d5 3. cxd5 cxd5 4. exd5 Qxd5 5. Nc3 Qd8 6. Nf3 Nf6 7. Bb5+ Bd7 8.
Bc4 Qc7 9. Qe2 Bg4 10. Bb5+ Nc6 11. Qe5 Qd7 12. Qf4 a6 13. Ne5 Qc7 14. Nd5 Qd6
15. Nxf6+ exf6 16. Qxg4 Qxe5+ 17. Be2 Nd4 18. Kd1 f5 19. f4 Qe4 20. d3 Qe6 21.
Re1 fxg4 22. Bxg4 Qxe1+ 23. Kxe1 Nc2+ 24. Kd2 Nxa1 25. b3 Bb4+ 26. Kd1 {White
resigns} 0-1

[Event "Team 45 45 League T60"]
[Site "Internet Chess Club"]
[Date "2014.03.11"]
[Round "2"]
[White "laotse"]
[Black "noblitz-oblige"]
[Result "0-1"]
[WhiteElo "1679"]
[BlackElo "1621"]
[Opening "Giuoco Piano"]
[ECO "C54"]
[Time "10:00:21"]
[TimeControl "2700+45"]

1. e4 e5 2. Nf3 Nc6 3. Bc4 Bc5 4. c3 Nf6 5. O-O d5 6. exd5 Nxd5 7. d4 exd4 8.
Re1+ Nde7 9. Bg5 dxc3 10. Bxf7+ Kxf7 11. Qb3+ Qd5 12. Qxc3 Bg4 13. Nbd2 Bxf3 14.
Nxf3 Bb4 15. Rxe7+ Bxe7 16. Bxe7 Nxe7 17. Qxc7 Rhd8 18. Re1 Re8 19. Qc2 Kg8 20.
Re5 Rac8 21. Qb1 Qc4 22. Re1 Ng6 23. Rd1 Qc2 24. Qa1 Re2 25. Nd4 Qxb2 26. Nxe2
Qxe2 27. Rd7 Qe5 28. Qd1 Qb5 29. g3 Ne5 30. Rd5 Qe8 31. Qb3 Nf7 32. Qxb7 Rc1+
33. Kg2 Qe4+ 34. Kh3 Ng5+ {White resigns} 0-1

[Event "Team 45 45 League T60"]
[Site "Internet Chess Club"]
[Date "2014.03.08"]
[Round "2"]
[White "TimeCo"]
[Black "kutch"]
[Result "1-0"]
[WhiteElo "1410"]
[BlackElo "1462"]
[Opening "Scotch game"]
[ECO "C45"]
[Time "12:00:58"]
[TimeControl "2700+45"]

1. e4 e5 2. Nf3 Nc6 3. d4 exd4 4. Nxd4 Nxd4 5. Qxd4 d6 6. Nc3 Nf6 7. Bg5 Be7 8.
Nd5 Nxd5 9. Qxg7 Bf6 10. Qxh8+ Bxh8 11. Bxd8 Kxd8 12. exd5 Bxb2 13. Rb1 Bc3+ 14.
Kd1 b6 15. Bb5 Bf5 16. Rb3 Ba5 17. Re3 Bd7 18. Bc6 Rb8 19. a4 Bxc6 20. dxc6 b5
21. axb5 Rxb5 22. Rb3 Rc5 23. Rb8+ Ke7 24. Rh8 Rxc6 25. Rxh7 Bc3 26. Ke2 a5 27.
Kd3 a4 28. Rh4 a3 29. Ra4 Bb2 30. h4 Kf8 31. h5 Kg7 32. g4 f6 33. f4 Rc3+ 34.
Kd2 Rg3 35. Rh4 Rg2+ 36. Kd3 Rg3+ 37. Ke4 Rg1 38. Kf5 Ra1 39. Ra7 a2 40. h6+ Kh8
41. Kg6 f5 42. Ra8# {Black checkmated} 1-0